AoeStats
← 山水先生

MegaRandom

510104975Analyzed
4v4 RM · 22h ago on Sep 29, 2026· 58m 9s· 8 players
Game mode
Random Map
Map size
Large (8 player)
Population
200
Speed
Normal
Resources
Standard
Victory
Conquest
Starting age
Dark Age
Ending age
Imperial Age
RankedLock teamsTeams togetherTeam positionsShared explorationLock speedFull tech treeHidden civsTurbo modeCheats
Victory
Defeat
🇨🇳 Lithuanians · China
1280
+12
🇨🇳 Vietnamese · China
1218
+15
🇨🇳 Spanish · China
1216
+15
🇨🇳 Mongols · China
1213
+15
🇹🇷 Japanese · Türkiye
1228
-16
🇧🇪 Teutons · Belgium
1220
-15
🇬🇷 Huns · Greece
1162
-13
🇳🇱 Vietnamese · Netherlands
1161
-13
山水先生
10:02 Feudal Age
13:46 Castle Age
11:46 Double-Bit Axe
15:45 Medium Warships
16:02 Bow Saw
22:02 Loom
22:39 Fishing Lines
23:29 Horse Collar
24:03 Gillnets
24:21 Heavy Plow
27:15 Wheelbarrow
26:27 Town Watch
29:34 Imperial Age
28:14 Gold Mining
29:58 Scale Barding Armor
30:04 Forging
30:58 Crop Rotation
31:30 Two-Man Saw
30:22 Stone Mining
30:56 Conscription
31:35 Scale Mail Armor
31:59 Chain Barding Armor
32:15 Iron Casting
32:45 Stone Shaft Mining
33:31 Plate Barding Armor
33:49 Husbandry
34:00 Bloodlines
33:28 Cavalier
35:01 Fletching
36:03 Bodkin Arrow
36:32 Paladin
38:48 Guilds
40:09 Hand Cart
46:43 Bracer
49:45 Pikeman
50:26 Squires
50:31 Scale Mail Armor
钓你吗钓
9:26 Feudal Age
10:40 Loom
13:25 Castle Age
11:57 Double-Bit Axe
13:05 Gold Mining
13:23 Fletching
14:19 Medium Warships
16:32 Demolition Ship
17:12 Horse Collar
21:36 Stone Mining
22:18 Padded Archer Armor
24:30 Leather Archer Armor
27:01 Wheelbarrow
32:11 Imperial Age
30:14 Scale Barding Armor
30:50 Bloodlines
30:41 Husbandry
31:08 Heavy Plow
31:40 Bow Saw
31:12 Light Cavalry
33:47 Hand Cart
34:34 Forging
34:06 Heavy Demolition Ship
35:47 Ring Archer Armor
35:56 Elite Conquistador
36:57 Conscription
38:02 Iron Casting
37:48 Chain Barding Armor
38:11 Hussar
39:53 Blast Furnace
39:10 Hussar
40:51 Plate Barding Armor
42:17 Chemistry
42:07 Bodkin Arrow
41:58 Cavalier
44:04 Bracer
45:28 Bombard Tower
46:11 Two-Man Saw
45:49 Stone Shaft Mining
45:50 Scale Mail Armor
47:33 Town Watch
48:24 Chain Mail Armor
48:33 Ballistics
50:05 Plate Mail Armor
51:24 Paladin
55:44 Elite Cannon Galleon
fafagege
7:08 Loom
11:04 Feudal Age
14:46 Castle Age
12:33 Double-Bit Axe
12:41 Fletching
15:53 Medium Warships
15:40 Bodkin Arrow
15:56 Bow Saw
19:54 Wheelbarrow
23:23 Horse Collar
24:46 Ballistics
25:29 Hand Cart
25:26 Town Watch
33:41 Imperial Age
32:01 Padded Archer Armor
33:06 Leather Archer Armor
34:28 Bloodlines
34:19 Husbandry
34:26 Bracer
35:08 Conscription
36:27 Chemistry
35:44 Scale Barding Armor
35:02 Light Cavalry
36:46 Chain Barding Armor
37:15 Forging
37:40 Elite Mangudai
40:11 Iron Casting
40:04 Thumb Ring
40:25 Parthian Tactics
42:23 Hussar
51:22 Hoardings
51:16 Drill
57:21 Capped Ram
_OMO_
5:39 Loom
9:06 Feudal Age
10:11 Loom
13:06 Castle Age
11:23 Double-Bit Axe
12:15 Horse Collar
13:42 Fletching
14:03 Bow Saw
20:42 Padded Archer Armor
20:42 Bodkin Arrow
23:53 Wheelbarrow
23:36 Town Watch
25:08 Ballistics
27:57 Stone Mining
27:59 Gold Mining
28:28 Scale Mail Armor
29:15 Forging
KingHeeze
8:40 Feudal Age
9:19 Feudal Age
10:57 Loom
18:11 Castle Age
16:36 Bloodlines
18:02 Scale Barding Armor
18:24 Horse Collar
21:51 Forging
24:17 Chatras
25:59 Iron Casting
29:20 Chain Barding Armor
29:27 Husbandry
35:01 Imperial Age
36:03 Elite Battle Elephant
47:49 Plate Barding Armor
TLDR
11:43 Feudal Age
10:00 Loom
13:15 Double-Bit Axe
16:03 Scale Barding Armor
16:09 Forging
17:53 Bloodlines
21:41 Castle Age
19:40 Horse Collar
21:47 Elite Skirmisher
22:21 Fletching
25:48 Ballistics
26:50 Padded Archer Armor
30:47 Wheelbarrow
30:46 Heavy Plow
32:51 Hand Cart
32:22 Town Watch
35:00 Bodkin Arrow
45:53 Bow Saw
47:21 Medium Warships
52:36 Imperial Age
[BPGr] AynenOyle
4:02 Loom
9:38 Feudal Age
10:37 Double-Bit Axe
10:34 Horse Collar
11:53 Fletching
18:29 Castle Age
17:24 Padded Archer Armor
18:20 Wheelbarrow
18:44 Gold Mining
19:41 Bow Saw
19:35 Bodkin Arrow
21:28 Elite Skirmisher
24:06 Town Watch
28:02 Heavy Plow
28:46 Gold Shaft Mining
28:30 Scale Mail Armor
32:07 Imperial Age
29:53 Hand Cart
31:50 Ballistics
31:26 Murder Holes
31:30 Stone Mining
32:52 Bracer
34:09 Two-Man Saw
33:30 Conscription
33:58 Elite Samurai
34:50 Forging
34:55 Chain Mail Armor
36:41 Chemistry
35:47 Siege Engineers
35:53 Masonry
36:24 Iron Casting
37:12 Squires
36:57 Arson
37:44 Plate Mail Armor
39:00 Blast Furnace
39:41 Leather Archer Armor
40:12 Thumb Ring
41:17 Ring Archer Armor
40:59 Imperial Skirmisher
45:10 Pikeman
46:38 Hoardings
46:29 Kataparuto
46:18 Halberdier
48:20 Treadmill Crane
48:27 Arrowslits
48:33 Guard Tower
48:44 Yasama
boo
10:07 Feudal Age
14:00 Castle Age
12:33 Horse Collar
12:40 Double-Bit Axe
15:22 Bow Saw
23:10 Loom
24:00 Gold Mining
24:58 Wheelbarrow
30:03 Imperial Age
28:20 Hand Cart
28:35 Marauders
30:53 Husbandry
30:15 Elite Tarkan
31:17 Conscription
31:26 Bloodlines
37:15 Pikeman
37:56 Squires
38:15 Scale Barding Armor
38:11 Scale Mail Armor
39:00 Halberdier
42:06 Forging
42:13 Chain Mail Armor
43:00 Chain Barding Armor
49:50 Plate Barding Armor
49:53 Iron Casting
Connection lost

Rejoining the realm…

Still unreachable

The connection could not be restored.

Session expired

The server has moved on; the page needs a fresh start.